 Dungeon Crawl Stone Soup version 0.21.1-1-g345015fe64 (webtiles) character file.

807 Edgeworth the Chopper (level 7, -9/64 HPs)
             Began as a Deep Dwarf Fighter on July 11, 2018.
             Mangled by an ogre
             ... wielding a +0 giant club
              (17 damage)
             ... on level 4 of the Dungeon.
             The game lasted 00:05:57 (1862 turns).

Edgeworth the Chopper (Deep Dwarf Fighter)          Turns: 1862, Time: 00:05:58

Health: -9/64      AC: 10    Str: 21    XL:     7   Next: 60%
Magic:  6/6        EV:  9    Int:  9    God:
Gold:   214        SH: 10    Dex: 12    Spells: 6/6 levels left

rFire    . . .     SeeInvis .   a - +1 war axe
rCold    . . .     Gourm    .   c - +0 shield
rNeg     . . .     Faith    .   b - +0 scale mail
rPois    .         Spirit   .   i - +2 hat
rElec    .         Reflect  .   (no cloak)
rCorr    .         Harm     .   q - +0 pair of gloves
MR       +....                  (no boots)
Stlth    ..........             (no amulet)
HPRegen  0.00/turn              (no ring)
MPRegen  0.10/turn              (no ring)

@: non-regenerating
A: damage resistance, heal wounds, sense surroundings 1, no regeneration
a: Heal Wounds


You were on level 4 of the Dungeon.
You were not hungry.

You visited 1 branch of the dungeon, and saw 4 of its levels.

You collected 214 gold pieces.

Inventory:

Hand Weapons
 a - a +1 war axe (weapon)
Armour
 b - a +0 scale mail (worn)
 c - a +0 shield (worn)
 i - a +2 hat (worn)
 q - a +0 pair of gloves (worn)
Scrolls
 l - 2 scrolls of teleportation
 n - 3 scrolls of identify {unknown}
 p - a scroll of remove curse
Potions
 d - 2 potions of might
 e - 2 potions of curing {unknown}
 g - 3 potions of ambrosia {unknown}
 h - a potion of heal wounds {unknown}
 j - 2 potions of cancellation {unknown}
 m - a potion of flight {unknown}
 o - a potion of magic {unknown}
 r - a potion of brilliance {unknown}
 t - 2 potions of haste {unknown}
 u - a potion of degeneration {unknown}
Books
 k - a book of Conjurations

   Spells                             Type                      Level
   a - Magic Dart                     Conjuration                  1
   b - Searing Ray                    Conjuration                  2
   c - Dazzling Spray                 Conjuration/Hexes            3
   d - Fulminant Prism                Conjuration/Hexes            4
   e - Force Lance                    Conjuration/Translocation    4
   f - Iskenderun's Mystic Blast      Conjuration                  4
Comestibles
 f - 10 rations
 s - 2 chunks of flesh


   Skills:
 + Level 4.1 Fighting
 + Level 6.9 Axes
 + Level 4.6 Armour
 + Level 2.4 Dodging
 + Level 4.7 Shields


You had 6 spell levels left.
You didn't know any spells.

Dungeon Overview and Level Annotations

Branches:
Dungeon (4/15)
 Temple: D:4-7

Altars:


Innate Abilities, Weirdness & Mutations

You are resistant to damage.
You can heal yourself by infusing magical energy.
You passively map a small area around you.
You do not regenerate.


Message History

You hit the ogre. You block the ogre's attack.
You hit the ogre.
The ogre is moderately wounded.
You slash the ogre! The ogre hits you but does no damage.
The ogre hits you with a giant club!!
* * * LOW HITPOINT WARNING * * *
You hit the ogre.
The ogre is moderately wounded.
You hit the ogre. You block the ogre's attack.
You feel much better. The ogre hits you with a giant club.
You block the ogre's attack.
You hit the ogre.
The ogre is heavily wounded.
You hit the ogre but do no damage. The ogre hits you with a giant club!!
* * * LOW HITPOINT WARNING * * *
The ogre barely misses you.
You slice the ogre!!
You kill the ogre!
You hit the ogre. The ogre hits you with a giant club!!
You die...

, ,, , * #.#.,... , , .
#.#.#..# .., * , ..
#.#.#..###. , * ...
......#.. ### ,,,..
......?# * , ... *
..##.#.#.#..#, ,......
#...>...)#..# # *#.##..
,* #.@O...#.# #.##.. *
#.#..)#.##.# #>##..
,*#..........# #.##p. *
*#........### #.##.. **
............######.##..
,
.##.###......##.†...)..
. #.###.#.#.#......####
* .........###..#### *
. .........#...#


You could see an ogre.

Vanquished Creatures
  Pikel (D:4)
  An ogre (D:4)
  A scorpion (D:4)
  2 orc wizards (D:4)
  An orc priest (D:4)
  4 gnolls (D:3)
  3 adders
  3 oozes
  4 worms
  2 dart slugs (D:2)
  A leopard gecko (D:4)
  3 orcs (D:4)
  3 ball pythons
  4 giant cockroaches
  3 goblins
  9 hobgoblins
  19 jackals
  A quokka (D:2)
  4 bats
  5 frilled lizards
  A kobold (D:2)
  A quokka skeleton (D:2)
  3 rats
79 creatures vanquished.

Notes
Turn   | Place    | Note
-------+----------+-------------------------------------------
     0 | D:1      | Edgeworth the Deep Dwarf Fighter began the quest for the Orb.
     0 | D:1      | Reached XP level 1. HP: 20/20 MP: 1/1
    53 | D:1      | Reached XP level 2. HP: 24/27 MP: 2/2
   255 | D:1      | Reached skill level 3 in Axes
   538 | D:2      | Reached XP level 3. HP: 27/33 MP: 3/3
   706 | D:2      | Reached XP level 4. HP: 17/40 MP: 4/4
  1376 | D:3      | Reached skill level 4 in Axes
  1390 | D:3      | Reached skill level 1 in Dodging
  1390 | D:3      | Reached XP level 5. HP: 6/49 MP: 5/5
  1740 | D:4      | Reached skill level 5 in Axes
  1767 | D:4      | Noticed a slave
  1770 | D:4      | Noticed a slave
  1771 | D:4      | Noticed Pikel
  1773 | D:4      | Noticed a slave
  1779 | D:4      | Noticed a slave
  1783 | D:4      | Paralysed by Pikel for 6 turns
  1795 | D:4      | Paralysed by Pikel for 2 turns
  1801 | D:4      | Killed Pikel
  1801 | D:4      | Reached skill level 6 in Axes
  1801 | D:4      | Reached XP level 6. HP: 18/57 MP: 6/6
  1801 | D:4      | Reached XP level 7. HP: 20/63 MP: 7/7
  1862 | D:4      | Mangled by an ogre

Skill      XL: |  1  2  3  4  5  6  7 |
---------------+----------------------+-----
Axes           | 3 4 6 |  6.9
Fighting       | 3 4 |  4.1
Armour         | 4 |  4.6
Dodging        | 1 2 |  2.4
Shields        | 4 |  4.7

Action                   |  1- 3 |  4- 6 |  7- 9 || total
-------------------------+-------+-------+-------++-------
Melee: War axe           |   128 |   163 |    15 ||   306
 Abil: Heal Wounds       |       |     3 |     2 ||     5
  Use: Scroll            |       |     5 |       ||     5
  Eat: Chunk             |       |     3 |     1 ||     4
Armor: Scale mail        |    63 |    83 |     6 ||   152
Dodge: Dodged            |    40 |    47 |     1 ||    88
Block: Shield            |    64 |    74 |     6 ||   144
